[Event "Titled Tuesday Blitz March 08 Early 2022"]
[White "Muradov, Soltan"]
[Black "Musovic, Armin"]
[WhiteFideId "14002108"]
[BlackFideId "939935"]
[WhiteElo "1854"]
[BlackElo "2283"]
[Result "0-1"]
[Round "07"]
[TimeControl "180+1"]
[Date "2022.03.09"]
[WhiteClock "0:00:04"]
[BlackClock "0:00:54"]

1. d4 d5 2. Nf3 Nf6 3. Bf4 c5 4. e3 Nc6 5. c3 a6 6. Nbd2 Bg4 7. h3 Bh5 8. Be2 e6 9. O-O Bd6 10. Ne5 Bg6 11. Ndf3 O-O 12. Bd3 Rc8 13. Bxg6 hxg6 14. Nxc6 Rxc6 15. Ne5 Bxe5 16. Bxe5 Nd7 17. Bg3 Re8 18. Qb3 Rb6 19. Qc2 Qe7 20. Rac1 Rc8 21. Rfd1 cxd4 22. exd4 Qg5 23. Rb1 Qf5 24. Qa4 Nf6 25. f3 Nh5 26. Qd7 Rcc6 27. Bc7 Rb5 28. g4 Qxf3 29. gxh5 Qe3+ 30. Kg2 e5 31. Bxe5 gxh5 32. Qd8+ Kh7 33. Qh4 Rg6+ 34. Kf1 Rg1# 0-1


[Site "https://www.chess.com"]

[Event "Titled Tuesday Blitz March 08 Early 2022"]
[White "Murzin, Volodar"]
[Black "Caruana, Fabiano"]
[WhiteFideId "44155573"]
[BlackFideId "2020009"]
[WhiteElo "2585"]
[BlackElo "2744"]
[Result "1-0"]
[Round "07"]
[TimeControl "180+1"]
[Date "2022.03.08"]
[WhiteClock "0:00:04"]
[BlackClock "0:00:05"]

1. e4 e5 2. Nf3 Nc6 3. Bb5 a6 4. Ba4 Nf6 5. O-O Be7 6. Re1 b5 7. Bb3 d6 8. a4 b4 9. h3 O-O 10. d4 a5 11. dxe5 Nxe5 12. Nxe5 dxe5 13. Qxd8 Rxd8 14. Nd2 Bb7 15. Nc4 Bd6 16. Bg5 h6 17. Bxf6 gxf6 18. Rad1 Ra6 19. Ne3 Bxe4 20. Ng4 Bg6 21. Nxf6+ Kg7 22. Ng4 Re8 23. Ne3 f5 24. Rd5 Kf6 25. Rb5 c6 26. Rb7 Re7 27. Rxe7 Bxe7 28. Nc4 e4 29. Rd1 Ra7 30. Nb6 Be8 31. g3 Bc5 32. Nc4 Bf7 33. Rd8 Bd5 34. Nd2 Be7 35. Rh8 Kg7 36. Rc8 Bf6 37. Nf1 Bxb2 38. Ne3 Bxb3 39. cxb3 Kg6 40. Rxc6+ Kf7 41. Nxf5 Rd7 42. Nd6+ Ke7 43. Nxe4 Rd3 44. Nc5 Rc3 45. Kf1 Rc2 46. Re6+ Kf7 47. Re2 Rc1+ 48. Kg2 Bf6 49. Nb7 Rb1 50. Nxa5 Bd4 51. Nc6 Bc5 52. Rc2 Bd6 53. Na5 Ke6 54. Re2+ Kd5 55. Rd2+ Ke6 56. Nc4 Bc5 57. Rd3 Rc1 58. h4 Rc3 59. Rf3 Kd5 60. h5 Ke4 61. Nd2+ Kd5 62. Kf1 Bd4 63. Ke2 Rc2 64. Kd1 Ra2 65. Rd3 Kc5 66. f4 Ba1 67. g4 Kc6 68. g5 hxg5 69. fxg5 Bc3 70. h6 Ra1+ 71. Ke2 Rh1 72. Ne4 Rh2+ 73. Kf1 Rh1+ 74. Kg2 Rh5 75. Kg3 Rh1 76. Kg4 Re1 77. Kf5 Rf1+ 78. Kg6 Ba1 79. Nf6 Rh1 80. h7 1-0


[Site "https://www.chess.com"]

[Event "Titled Tuesday Blitz March 08 Early 2022"]
[White "Necula, Iulian"]
[Black "Ianov, Viktor"]
[WhiteFideId "1232380"]
[BlackFideId "14102730"]
[WhiteElo "1776"]
[BlackElo "2161"]
[Result "0-1"]
[Round "07"]
[TimeControl "180+1"]
[Date "2022.03.09"]
[WhiteClock "0:00:09"]
[BlackClock "0:01:27"]

1. b4 d6 2. Bb2 Nd7 3. Nf3 Ngf6 4. c4 g6 5. d4 Bg7 6. Nc3 O-O 7. e4 e5 8. d5 a5 9. a3 Nh5 10. g3 f5 11. Bg2 Ndf6 12. exf5 Bxf5 13. Nh4 Bg4 14. Qd2 axb4 15. axb4 Rxa1+ 16. Bxa1 Qd7 17. h3 Bf5 18. Nxf5 gxf5 19. O-O f4 20. g4 f3 21. gxh5 fxg2 22. Kxg2 Nxh5 23. Ne2 Qf5 24. f3 Rf6 25. Qe1 Rg6+ 26. Kh2 Qc2 27. Rf2 Qxc4 28. Bc3 Bh6 29. Bd2 Qxd5 30. Bxh6 Rxh6 31. Rg2+ Rg6 32. Qg1 Kg7 33. Rxg6+ hxg6 34. Ng3 Qxf3 35. Qg2 Qxg2+ 36. Kxg2 Nf4+ 37. Kf3 Nd5 38. Ne4 Nxb4 39. h4 d5 40. Ng5 c6 41. Ne6+ Kf6 42. Nd8 b5 43. Ke3 Kf5 44. Kd2 d4 45. Kc1 e4 46. Kb2 e3 47. Kc1 d3 48. Nf7 Ke4 49. Nd6+ Kf3 50. h5 gxh5 51. Nf5 d2+ 52. Kb2 d1=Q 53. Nd4+ Qxd4+ 54. Kb3 Qc4+ 55. Ka3 Qc3# 0-1


[Site "https://www.chess.com"]

[Event "Titled Tuesday Blitz March 08 Early 2022"]
[White "Nguyen Hong Nhung"]
[Black "Maksimovic, Bojan"]
[WhiteFideId "12412201"]
[BlackFideId "14408120"]
[WhiteElo "1661"]
[BlackElo "2448"]
[Result "0-1"]
[Round "07"]
[TimeControl "180+1"]
[Date "2022.03.09"]
[WhiteClock "0:00:11"]
[BlackClock "0:00:14"]

1. e4 c5 2. Nc3 Nc6 3. Bb5 Nd4 4. Bc4 a6 5. a4 e6 6. Nge2 Nf6 7. O-O d5 8. exd5 exd5 9. Ba2 Bd6 10. Nxd4 cxd4 11. Ne2 d3 12. cxd3 Be6 13. Nd4 Qc7 14. h3 O-O-O 15. b4 Kb8 16. Ba3 Be5 17. Rc1 Qb6 18. Nf3 Bd6 19. Re1 Rc8 20. Rb1 Bf5 21. Rb3 h5 22. b5 Bxa3 23. Rxa3 a5 24. Re5 Be6 25. Rc3 Qd6 26. Qe2 h4 27. Rg5 g6 28. Re5 Rxc3 29. dxc3 Rc8 30. Nxh4 Rxc3 31. Qe1 Qc7 32. Kh2 Nd7 33. f4 Nxe5 34. fxe5 Rxd3 35. Bb1 Rd4 36. Nf3 Rxa4 37. Qd2 Rb4 38. Bd3 Qc5 39. Qh6 a4 40. Qh8+ Ka7 41. Qd8 Qb6 42. Qe7 Rb3 43. Bc2 Rxf3 44. gxf3 Qf2+ 45. Kh1 Qxc2 46. b6+ Kxb6 47. Qb4+ Kc6 48. Qd6+ Kb5 49. Qb8 Qc1+ 50. Kg2 Qd2+ 51. Kg3 Qg5+ 52. Kh2 Qf4+ 53. Kg2 Qd2+ 54. Kg3 Qe1+ 55. Kg2 Qe2+ 56. Kg3 b6 57. Qe8+ Kb4 58. Qe7+ Kb3 59. Qb7 Qxe5+ 60. Kg2 Qe2+ 61. Kg3 b5 62. Qb6 b4 63. Qd4 a3 64. h4 a2 65. Qa1 Qc2 66. h5 gxh5 67. Kh4 Qc3 68. Qd1+ Kc4 69. Qe2+ Kc5 70. Qxa2 Qc4+ 71. Qxc4+ Kxc4 72. Kxh5 b3 0-1


[Site "https://www.chess.com"]

[Event "Titled Tuesday Blitz March 08 Early 2022"]
[White "Nguyen, Thi Minh Oanh"]
[Black "Miszler, Levente"]
[WhiteFideId "12404080"]
[BlackFideId "763276"]
[WhiteElo "1825"]
[BlackElo "1966"]
[Result "1-0"]
[Round "07"]
[TimeControl "180+1"]
[Date "2022.03.09"]
[WhiteClock "0:01:43"]
[BlackClock "0:01:55"]

1. d4 d5 2. Bf4 Nc6 3. e3 Bf5 4. c4 e6 5. Nc3 Nb4 6. Rc1 g5 7. Bg3 a6 8. a3 Nc6 9. cxd5 exd5 10. Qb3 Na5 11. Qxd5 Qxd5 12. Nxd5 Kd8 13. Bxc7+ Kd7 14. Nb6+ Ke8 15. Nxa8 Nb3 16. Rc3 Be6 17. Nf3 Ne7 18. Nxg5 Bd5 19. Nb6 1-0


[Site "https://www.chess.com"]

[Event "Titled Tuesday Blitz March 08 Early 2022"]
[White "Nozdrachev, Leonid"]
[Black "Samant Aditya S"]
[WhiteFideId "24113433"]
[BlackFideId "35080580"]
[WhiteElo "2118"]
[BlackElo "1916"]
[Result "0-1"]
[Round "07"]
[TimeControl "180+1"]
[Date "2022.03.09"]
[WhiteClock "0:00:23"]
[BlackClock "0:00:04"]

1. e4 c5 2. c3 d5 3. exd5 Qxd5 4. d4 Nc6 5. Nf3 Bf5 6. Be3 Nf6 7. c4 Qd8 8. d5 Nb4 9. Na3 e6 10. Nh4 Bg4 11. Qa4+ Nd7 12. dxe6 Bxe6 13. Nf3 Be7 14. Rd1 O-O 15. Ne5 Nxe5 16. Rxd8 Rfxd8 17. Qb3 Nbd3+ 18. Bxd3 Nxd3+ 19. Ke2 b5 20. Rd1 bxc4 21. Nxc4 Ne5 22. Qb7 Bxc4+ 23. Ke1 Bf6 24. Rd6 Nd3+ 25. Kd2 Rdb8 26. Qc6 Rxb2+ 27. Kd1 Rab8 28. Rxf6 gxf6 29. Qxf6 Bxa2 30. Bg5 Bb3# 0-1


[Site "https://www.chess.com"]

[Event "Titled Tuesday Blitz March 08 Early 2022"]
[White "Odegov, Artem"]
[Black "Hua, Lefong"]
[WhiteFideId "34183644"]
[BlackFideId "2602253"]
[WhiteElo "2286"]
[BlackElo "2614"]
[Result "1-0"]
[Round "07"]
[TimeControl "180+1"]
[Date "2022.03.09"]
[WhiteClock "0:01:55"]
[BlackClock "0:02:11"]

1. d4 Nf6 2. c4 g6 3. Nc3 Bg7 4. e4 d6 5. h3 O-O 6. Be3 c5 7. d5 e6 8. Bd3 exd5 9. cxd5 a6 10. a4 Nbd7 11. Nf3 Nh5 12. O-O Ne5 13. Nxe5 Bxe5 14. f4 Bd4 15. Bxd4 cxd4 16. Ne2 Qb6 17. Qd2 Bd7 18. a5 Qa7 19. Qb4 Rad8 20. Qxd4 Qb8 21. Rac1 Rfe8 22. Rc3 Nf6 23. Rfc1 Bb5 24. Bxb5 Rxe4 25. Qxf6 axb5 26. Qxd8+ Qxd8 27. Rc8 Qxc8 28. Rxc8+ Kg7 29. Nc3 Rb4 30. Rb8 Rxb2 31. Rxb7 b4 32. Nb5 Rd2 33. Nxd6 Rxd5 34. Ne8+ Kf8 35. a6 Kxe8 36. a7 1-0


[Site "https://www.chess.com"]

[Event "Titled Tuesday Blitz March 08 Early 2022"]
[White "Oparin, Grigoriy"]
[Black "Neiksans, Arturs"]
[WhiteFideId "24125890"]
[BlackFideId "11601388"]
[WhiteElo "2665"]
[BlackElo "2447"]
[Result "0-1"]
[Round "07"]
[TimeControl "180+1"]
[Date "2022.03.08"]
[WhiteClock "0:00:07"]
[BlackClock "0:00:05"]

1. d4 f5 2. Nc3 Nf6 3. Bg5 d5 4. Bxf6 exf6 5. e3 Be6 6. a3 Qd7 7. Bd3 Nc6 8. Qf3 Ne7 9. Nge2 g6 10. h4 h5 11. Nf4 Bf7 12. O-O-O O-O-O 13. Kb1 Kb8 14. Qe2 Nc8 15. Bb5 c6 16. Bd3 Nd6 17. f3 Bh6 18. g3 Rhe8 19. Qd2 Re7 20. Na4 b6 21. Rde1 Rde8 22. Nc3 Kb7 23. Nd1 Qc7 24. Qc3 Qd7 25. Re2 Nc4 26. Rhe1 g5 27. Ng2 Rg8 28. e4 fxe4 29. fxe4 gxh4 30. Nxh4 Nd6 31. exd5 Rxe2 32. dxc6+ Qxc6 33. Rxe2 Qxc3 34. Nxc3 Rxg3 35. Re7+ Kb8 36. b3 Bf8 37. Re1 Rg4 38. Nf3 Kc7 39. a4 Kd8 40. Nb5 Nxb5 41. axb5 Bd5 42. Nh2 Rxd4 43. Rf1 Bd6 44. Rf2 Rf4 45. Re2 Be5 46. c4 Bf7 47. Rd2 Ke7 48. Nf1 h4 49. Ne3 Be6 50. Rg2 Rf3 51. Re2 h3 52. Be4 Rf4 53. Bd5 Bd7 54. Kc2 Rh4 55. b4 h2 56. Bh1 Be6 57. Kb3 Rh3 58. Kc2 Kf7 59. c5 Bd4 60. Nd5 Bf5+ 61. Kc1 bxc5 62. bxc5 Bxc5 63. Ra2 Bb6 64. Re2 Rg3 65. Re7+ Kg6 66. Re1 Rg1 67. Kd1 Rxe1+ 68. Kxe1 Kg5 69. Ke2 Bg4+ 70. Kd3 Kh4 71. Nxf6 Be6 72. Ne4 Bd5 73. Ke2 Bg1 74. Kd3 Be6 75. Ke2 Bd7 76. Nd6 Bc5 77. Ne4 Bb6 78. Nc3 Kg5 79. Kd3 Kf6 80. Kc4 Be6+ 81. Kd3 Ke5 82. Ne2 Bd7 83. Kc4 Be6+ 84. Kd3 Bf5+ 85. Kc4 Be4 86. Ng3 Bxh1 87. Nxh1 Ke4 0-1


[Site "https://www.chess.com"]

[Event "Titled Tuesday Blitz March 08 Early 2022"]
[White "Orlov, Georgi"]
[Black "Csonka, Balazs"]
[WhiteFideId "2011271"]
[BlackFideId "742910"]
[WhiteElo "2536"]
[BlackElo "2404"]
[Result "1-0"]
[Round "07"]
[TimeControl "180+1"]
[Date "2022.03.09"]
[WhiteClock "0:00:05"]
[BlackClock "0:00:03"]

1. d4 d5 2. Nf3 Nf6 3. c4 c6 4. Nc3 a6 5. cxd5 cxd5 6. Bf4 Nc6 7. Ne5 Qb6 8. Nxc6 bxc6 9. Qd2 Bf5 10. f3 e6 11. g4 Bg6 12. h4 h5 13. g5 Nd7 14. e3 c5 15. Na4 Qc6 16. Nxc5 Nxc5 17. Rc1 Qb6 18. dxc5 Bxc5 19. a3 O-O 20. b4 Bd6 21. Bxd6 Qxd6 22. Kf2 a5 23. Be2 axb4 24. axb4 Ra4 25. b5 Rfa8 26. Rc6 Qe5 27. Qc3 d4 28. exd4 Rxd4 29. Qe3 Qxe3+ 30. Kxe3 Rb4 31. Rhc1 Ra2 32. Rc8+ Kh7 33. R1c4 Rbb2 34. Bf1 Rb1 35. Rc1 Rbb2 36. R1c3 Rb1 37. Rc1 Rbb2 38. Kf4 Rb4+ 39. Kg3 Rb3 40. Bc4 Rb4 41. Bxa2 Rxb5 42. R1c7 Rb2 43. Bc4 Rc2 44. Kf4 Rf2 45. Ke3 Rh2 46. Bd3 Rxh4 47. Rxf7 Bxd3 48. Kxd3 Kg6 49. Re7 Kxg5 50. Rxe6 Kf4 51. Rce8 Kxf3 52. Rf8+ Rf4 53. Rxf4+ Kxf4 54. Rg6 h4 55. Rxg7 h3 56. Ke2 1-0


[Site "https://www.chess.com"]

[Event "Titled Tuesday Blitz March 08 Early 2022"]
[White "Osmonbekov, Talaibek"]
[Black "Levine, David"]
[WhiteFideId "2017253"]
[BlackFideId "2011611"]
[WhiteElo "2135"]
[BlackElo "2175"]
[Result "1-0"]
[Round "07"]
[TimeControl "180+1"]
[Date "2022.03.09"]
[WhiteClock "0:01:16"]
[BlackClock "0:00:32"]

1. d4 Nf6 2. Nc3 d5 3. Bf4 g6 4. e3 Bg7 5. h4 h5 6. Nf3 c5 7. Nb5 Na6 8. c3 O-O 9. Ne5 Ne4 10. f3 Nd6 11. a4 Nc7 12. dxc5 Ncxb5 13. axb5 Nf5 14. Qd2 e6 15. g3 Qe8 16. e4 f6 17. Nxg6 Qxg6 18. exf5 Qxf5 19. Bd3 e5 20. Bxf5 Bxf5 21. Qxd5+ Kh7 22. Be3 Rfd8 23. Qxb7 Bd3 24. Rxa7 Rxa7 25. Qxa7 Bxb5 26. Qb6 1-0


[Site "https://www.chess.com"]

[Event "Titled Tuesday Blitz March 08 Early 2022"]
[White "Papasimakopoulos, Alexandros"]
[Black "Tymrakiewicz, Rafal"]
[WhiteFideId "4244125"]
[BlackFideId "1108832"]
[WhiteElo "2340"]
[BlackElo "2205"]
[Result "1-0"]
[Round "07"]
[TimeControl "180+1"]
[Date "2022.03.09"]
[WhiteClock "0:00:08"]
[BlackClock "0:00:10"]

1. d4 Nf6 2. c4 g6 3. Nc3 Bg7 4. Bg5 c5 5. d5 O-O 6. e3 e5 7. h3 d6 8. Nf3 Qb6 9. Qb3 Nbd7 10. Nd2 h6 11. Bh4 g5 12. Bg3 Nh5 13. Bh2 f5 14. e4 Qxb3 15. Nxb3 f4 16. Nb5 Rf6 17. Be2 f3 18. Bxf3 Nf4 19. O-O-O Nb6 20. Nd2 Nd3+ 21. Kc2 Nxf2 22. b3 a6 23. Nc3 Bd7 24. a4 Raf8 25. Rb1 Nxh1 26. Rxh1 Nc8 27. a5 Ne7 28. Rb1 Ng6 29. b4 cxb4 30. Rxb4 Bc8 31. Rb6 Nh4 32. Nd1 Bxh3 33. gxh3 Nxf3 34. Nxf3 Rxf3 35. Rxd6 Rf2+ 36. Nxf2 Rxf2+ 37. Kc3 Rxh2 38. Rd8+ Kf7 39. c5 Rxh3+ 40. Kc4 Re3 41. Rd7+ Kf6 42. Rxb7 Rxe4+ 43. Kb3 Rd4 44. d6 Bf8 45. Rb6 Ke6 46. Rxa6 g4 47. Ra8 Bg7 48. a6 g3 49. Rg8 Kf7 50. a7 Kxg8 51. a8=Q+ Kh7 52. Qf3 e4 53. Qxg3 Rd3+ 54. Qxd3 exd3 55. c6 Be5 56. c7 d2 57. Kc2 Bxd6 58. c8=Q Bf4 59. Qf5+ 1-0


[Site "https://www.chess.com"]

[Event "Titled Tuesday Blitz March 08 Early 2022"]
[White "Petrova, Irina"]
[Black "Marcinczyk, Monika"]
[WhiteFideId "14124122"]
[BlackFideId "1192051"]
[WhiteElo "1993"]
[BlackElo "1783"]
[Result "1-0"]
[Round "07"]
[TimeControl "180+1"]
[Date "2022.03.09"]
[WhiteClock "0:02:17"]
[BlackClock "0:01:05"]

1. e4 e5 2. Nf3 Nc6 3. Bb5 a6 4. Ba4 Nf6 5. d3 b5 6. Bb3 Bc5 7. Nc3 d6 8. Nd5 h6 9. c3 Rb8 10. h3 Nxd5 11. Bxd5 Ne7 12. Bb3 O-O 13. g4 Ng6 14. g5 h5 15. Nh2 Bxh3 16. Qxh5 Be6 17. Ng4 1-0


[Site "https://www.chess.com"]

[Event "Titled Tuesday Blitz March 08 Early 2022"]
[White "Petrovic, Aleksa"]
[Black "Ahn, Hongjin"]
[WhiteFideId "967629"]
[BlackFideId "13201492"]
[WhiteElo "2245"]
[BlackElo "1873"]
[Result "1-0"]
[Round "07"]
[TimeControl "180+1"]
[Date "2022.03.09"]
[WhiteClock "0:00:04"]
[BlackClock "0:00:06"]

1. d4 Nf6 2. c4 e6 3. Nc3 d5 4. Nf3 c6 5. Bg5 Nbd7 6. e3 Qa5 7. Nd2 dxc4 8. Bxf6 gxf6 9. Nxc4 Qc7 10. g3 h5 11. h4 b5 12. Nd2 f5 13. Bg2 Bb7 14. Rc1 a6 15. O-O c5 16. dxc5 Nxc5 17. b4 Bxg2 18. Kxg2 Qb7+ 19. Nf3 Rd8 20. Qe2 Nd3 21. Rcd1 Nxb4 22. Rxd8+ Kxd8 23. e4 fxe4 24. Nxe4 Be7 25. Qd2+ Ke8 26. Nd6+ Bxd6 27. Qxd6 Nd5 28. Kh2 Qc7 29. Qxa6 Ke7 30. Qxb5 Rg8 31. Qe2 Rg4 32. Ne5 Rg7 33. Qxh5 Qc2 34. Qh6 Rg8 35. h5 Qe2 36. Qh7 Qxf1 37. Qxg8 Qxf2+ 38. Kh3 Qf5+ 39. Ng4 Qxh5+ 40. Kg2 Qf5 41. Nf2 Ne3+ 42. Kg1 Qf3 43. Qg5+ Ke8 44. Qb5+ Kf8 45. Qc5+ Kg7 46. Qg5+ Kf8 47. Qc5+ Ke8 48. Qb5+ Ke7 49. Qc5+ Kf6 50. Qd4+ Kg6 51. Qe4+ Kg7 52. Qxf3 1-0


[Site "https://www.chess.com"]

[Event "Titled Tuesday Blitz March 08 Early 2022"]
[White "Pinheiro, Iung Alicio de O."]
[Black "Begunov, Konstantin"]
[WhiteFideId "2104350"]
[BlackFideId "4118510"]
[WhiteElo "2559"]
[BlackElo "2262"]
[Result "0-1"]
[Round "07"]
[TimeControl "180+1"]
[Date "2022.03.09"]
[WhiteClock "0:00:12"]
[BlackClock "0:00:16"]

1. e4 c5 2. Nf3 d6 3. c3 Nf6 4. h3 Nc6 5. Bd3 e6 6. O-O d5 7. e5 Nd7 8. Bb5 Qc7 9. d4 a6 10. Bxc6 Qxc6 11. Re1 b5 12. Nbd2 Be7 13. Nf1 Qb6 14. Ng3 b4 15. Nh5 g6 16. Nf4 a5 17. Nd3 Ba6 18. Be3 Bxd3 19. Qxd3 c4 20. Qd2 Rb8 21. Bg5 Qd8 22. Qf4 Bxg5 23. Nxg5 Qe7 24. Re3 Rb7 25. b3 Nb6 26. h4 h6 27. Nf3 Kd7 28. Nd2 g5 29. Qf3 Rc8 30. Rc1 Rbc7 31. cxb4 axb4 32. Ree1 c3 33. Nf1 Ra8 34. Rc2 Rca7 35. Ree2 gxh4 36. Ne3 Ke8 37. Ng4 Qg5 38. Nf6+ Ke7 39. Kh2 Nd7 40. Ng4 h5 41. Ne3 Nf8 42. Nxd5+ exd5 43. Qxd5 Ne6 44. Qd6+ Ke8 45. g3 Rd7 46. Qc6 Rd8 47. d5 Nd4 48. e6 Nxc6 49. exd7+ Kxd7 50. dxc6+ Kxc6 51. Re4 hxg3+ 52. Kh3 Rd2 53. Rc4+ Kb5 0-1


[Site "https://www.chess.com"]

[Event "Titled Tuesday Blitz March 08 Early 2022"]
[White "Popadic, Dragan"]
[Black "Nguyen, Thien Ngan"]
[WhiteFideId "913650"]
[BlackFideId "12414816"]
[WhiteElo "2222"]
[BlackElo "1917"]
[Result "0-1"]
[Round "07"]
[TimeControl "180+1"]
[Date "2022.03.09"]
[WhiteClock "0:00:04"]
[BlackClock "0:00:16"]

1. e4 e5 2. d4 exd4 3. Qxd4 Nc6 4. Qe3 d6 5. Nc3 Nf6 6. Bd2 Be7 7. Bc4 O-O 8. Nf3 Ng4 9. Qe2 Nge5 10. Nxe5 Nxe5 11. Bb3 Kh8 12. O-O f5 13. Nd5 Bh4 14. Bc3 f4 15. f3 a5 16. Bxe5 dxe5 17. a4 c6 18. Nc3 Qb6+ 19. Kh1 Be7 20. Rad1 Bc5 21. Rd2 Be3 22. Rd3 Bc5 23. Rfd1 Qc7 24. R3d2 b6 25. Qe1 Ba6 26. Rd7 Qc8 27. Qh4 Qe8 28. Qg5 h6 29. Qg4 Be7 30. Qe6 Bc5 31. Qxc6 Rc8 32. Qd5 Bd4 33. Nb5 Rc5 34. Qd6 Bxb5 35. axb5 Rxb5 36. Ba4 Rxb2 37. Bc6 Bc5 38. Qd5 Qg6 0-1


[Site "https://www.chess.com"]

[Event "Titled Tuesday Blitz March 08 Early 2022"]
[White "Prohorov, Olexandr"]
[Black "Sahil, Tickoo"]
[WhiteFideId "14105578"]
[BlackFideId "5019710"]
[WhiteElo "1993"]
[BlackElo "2099"]
[Result "1/2-1/2"]
[Round "07"]
[TimeControl "180+1"]
[Date "2022.03.09"]
[WhiteClock "0:00:36"]
[BlackClock "0:00:07"]

1. e4 c5 2. c3 d5 3. exd5 Nf6 4. d4 Nxd5 5. Nf3 e6 6. c4 Nb4 7. a3 N4c6 8. d5 exd5 9. cxd5 Ne7 10. Nc3 Ng6 11. Bc4 Bd6 12. O-O O-O 13. h3 a6 14. a4 Nd7 15. Re1 Nde5 16. Ba2 Bf5 17. Ne4 Bxe4 18. Rxe4 Re8 19. Bg5 Qd7 20. Nxe5 Bxe5 21. Qd2 Bh2+ 22. Kxh2 Rxe4 23. Rd1 Qd6+ 24. g3 Rae8 25. Be3 Ne5 26. Kg2 Nc4 27. Bxc4 Rxc4 28. Qd3 Rb4 29. Rc1 b6 30. a5 Rxb2 31. axb6 Qxb6 32. Bxc5 Qb5 33. Qf3 Qe2 34. Be3 Qxf3+ 35. Kxf3 Rd8 36. d6 h6 37. Rc6 a5 38. Bb6 Rd7 39. Bxa5 Rb3+ 40. Kg2 Rd3 41. Bc7 g5 42. Rc5 Kg7 43. Re5 Kf6 44. Re8 Rd5 45. Rh8 Kg7 46. Re8 R5xd6 47. Bxd6 Rxd6 48. Re4 h5 49. Re5 f6 50. Ra5 Kg6 51. Ra7 Rd2 52. g4 hxg4 53. hxg4 Rd4 54. Kg3 Rf4 55. Ra5 Rd4 56. Ra6 Rd3+ 57. f3 Rd1 1/2-1/2


[Site "https://www.chess.com"]

[Event "Titled Tuesday Blitz March 08 Early 2022"]
[White "Rosenberg, Evan S"]
[Black "Guseva, Marina"]
[WhiteFideId "2019299"]
[BlackFideId "4149351"]
[WhiteElo "2260"]
[BlackElo "2160"]
[Result "0-1"]
[Round "07"]
[TimeControl "180+1"]
[Date "2022.03.09"]
[WhiteClock "0:00:01"]
[BlackClock "0:00:14"]

1. Nf3 d5 2. d4 Nf6 3. c4 c6 4. cxd5 cxd5 5. Nc3 Nc6 6. Bf4 Nh5 7. Be5 f6 8. g4 Bxg4 9. Bg3 Bxf3 10. exf3 e6 11. f4 g6 12. Be2 Ng7 13. h4 Nf5 14. h5 Bg7 15. hxg6 hxg6 16. Rxh8+ Bxh8 17. Bd3 Bg7 18. Qg4 Kf7 19. O-O-O Ncxd4 20. Rh1 Qc7 21. Kb1 Rh8 22. Rc1 Qd7 23. Qd1 a6 24. Ne2 Nxe2 25. Qxe2 Bf8 26. Qc2 Bd6 27. Qb3 Ne7 28. f5 gxf5 29. Bxd6 Qxd6 30. Qxb7 Rb8 31. Qxa6 Qxa6 32. Bxa6 e5 33. a4 e4 34. Rc7 Ke6 35. Bb5 f4 36. Kc2 f3 37. Kd2 Ng6 38. Rc6+ Ke5 39. Rc7 d4 40. Rc5+ Kf4 41. Bd7 e3+ 42. fxe3+ dxe3+ 43. Kd3 Ne5+ 44. Rxe5 fxe5 45. Bb5 e4+ 46. Kd4 e2 47. Bxe2 0-1


[Site "https://www.chess.com"]

[Event "Titled Tuesday Blitz March 08 Early 2022"]
[White "Rustemov, Alexander"]
[Black "Romanchuk, Viktor"]
[WhiteFideId "4119002"]
[BlackFideId "14109271"]
[WhiteElo "2763"]
[BlackElo "2242"]
[Result "1/2-1/2"]
[Round "07"]
[TimeControl "180+1"]
[Date "2022.03.09"]
[WhiteClock "0:00:11"]
[BlackClock "0:00:07"]

1. d4 d5 2. c4 c6 3. Nc3 Nf6 4. e3 e6 5. Nf3 Nbd7 6. Qc2 Bd6 7. Bd2 O-O 8. O-O-O b5 9. e4 b4 10. e5 bxc3 11. Bxc3 Be7 12. exf6 Bxf6 13. Bd3 h6 14. c5 Re8 15. Rhe1 a5 16. Qe2 a4 17. a3 Qc7 18. g3 Qa7 19. Bb1 Ba6 20. Qc2 Nf8 21. Qxa4 Reb8 22. Bd3 Qb7 23. Bxa6 Rxa6 24. Qc2 Nd7 25. Re3 Qb5 26. Ne1 e5 27. dxe5 Be7 28. e6 fxe6 29. Rxe6 Bf6 30. Bxf6 Nxf6 31. Nd3 Ra4 32. Nb4 Ne4 33. Rxe4 dxe4 34. Kb1 Ra5 35. Qxe4 Qxc5 36. Nxc6 Rab5 37. Nb4 Qxf2 38. Qc2 Qf7 39. Rc1 Qe6 40. Qc4 Qxc4 41. Rxc4 Rf8 42. Nd3 Re8 43. Rc2 Re3 44. Rd2 Rd5 45. Kc2 Rd8 46. b4 Rc8+ 47. Kb2 Rd8 48. Kc3 Rc8+ 49. Kd4 Rf3 50. a4 Rd8+ 51. Ke4 Rf1 52. a5 Ra1 53. Ke3 Ra3 54. Ke2 Rd4 55. h4 h5 56. Rd1 Kh7 57. Rd2 Kg8 58. Rd1 Kh7 59. Rd2 Kg8 1/2-1/2


[Site "https://www.chess.com"]

[Event "Titled Tuesday Blitz March 08 Early 2022"]
[White "Sadhwani, Raunak"]
[Black "Sanal, Vahap"]
[WhiteFideId "35093487"]
[BlackFideId "6300545"]
[WhiteElo "2616"]
[BlackElo "2603"]
[Result "1-0"]
[Round "07"]
[TimeControl "180+1"]
[Date "2022.03.08"]
[WhiteClock "0:00:32"]
[BlackClock "0:00:01"]

1. d4 d6 2. e4 Nf6 3. Nc3 e5 4. Nf3 Nbd7 5. Bc4 Be7 6. O-O O-O 7. Re1 c6 8. a4 h6 9. Be3 Re8 10. d5 cxd5 11. Bxd5 Nxd5 12. Nxd5 Nf6 13. Nxf6+ Bxf6 14. c4 Be7 15. Qd3 Qc7 16. b3 Rf8 17. Nd2 Qc6 18. f3 Be6 19. Nb1 f5 20. Nc3 Bg5 21. Rad1 Bxe3+ 22. Qxe3 f4 23. Qf2 a6 24. Rd3 Rad8 25. Red1 Rd7 26. a5 Rfd8 27. Na4 Kh7 28. Nb6 Rc7 29. b4 Qe8 30. c5 Qb5 31. Qe1 Rc6 32. h3 Bf7 33. Kh2 Bg6 34. Rd5 Bf7 35. R5d3 Bg8 36. Qc3 Bf7 37. Rxd6 Rdxd6 38. Rxd6 Rxd6 39. cxd6 Be6 40. Qd2 Qc6 41. d7 Bxd7 42. Qxd7 Qg6 43. Qf5 1-0


[Site "https://www.chess.com"]

[Event "Titled Tuesday Blitz March 08 Early 2022"]
[White "Safarli, Eltaj"]
[Black "Rychagov, Andrey"]
[WhiteFideId "13402129"]
[BlackFideId "4119932"]
[WhiteElo "2634"]
[BlackElo "2500"]
[Result "1-0"]
[Round "07"]
[TimeControl "180+1"]
[Date "2022.03.08"]
[WhiteClock "0:00:08"]
[BlackClock "0:00:10"]

1. e4 e6 2. d4 d5 3. e5 c5 4. c3 Qb6 5. Nf3 Nc6 6. Bd3 cxd4 7. cxd4 Bd7 8. O-O Nxd4 9. Nxd4 Qxd4 10. Nc3 a6 11. Qe2 Ne7 12. Kh1 Nc6 13. f4 Nb4 14. Rd1 Nxd3 15. Rxd3 Qb6 16. f5 Be7 17. f6 Bf8 18. fxg7 Bxg7 19. Bg5 Bc6 20. Rf1 Qc7 21. Re1 Kd7 22. Ne4 Qxe5 23. Nc5+ Kd6 24. Qd2 Qxb2 25. Qa5 Rhc8 26. Ne4+ Kd7 27. Qc5 Bf8 28. Qe3 Kc7 29. Qg3+ e5 30. Rb3 Qd4 31. Be3 Qxe4 32. Bb6+ Kd6 33. Rxe4 dxe4 34. Rb1 Bd5 35. Rd1 Rc6 36. Qb3 1-0


[Site "https://www.chess.com"]

[Event "Titled Tuesday Blitz March 08 Early 2022"]
[White "Samadov, Read"]
[Black "Horobetz, Graham"]
[WhiteFideId "13417444"]
[BlackFideId "2047322"]
[WhiteElo "2084"]
[BlackElo "2642"]
[Result "1-0"]
[Round "07"]
[TimeControl "180+1"]
[Date "2022.03.08"]
[WhiteClock "0:01:13"]
[BlackClock "0:00:06"]

1. d3 d5 2. Nf3 Nf6 3. g3 c5 4. Bg2 Nc6 5. O-O e5 6. e4 d4 7. a4 Be7 8. Na3 O-O 9. Nc4 Qc7 10. Bd2 Ne8 11. Ne1 Nd6 12. b3 Be6 13. f4 f6 14. Nf3 Nxc4 15. bxc4 exf4 16. gxf4 f5 17. e5 Kh8 18. h4 h6 19. Kf2 Bf7 20. Rg1 Bh5 21. Qf1 Nd8 22. Bh1 Bxf3 23. Bxf3 Bxh4+ 24. Ke2 Ne6 25. Qh3 g5 26. Bd5 Rae8 27. Raf1 Re7 28. fxg5 Qxe5+ 29. Kd1 hxg5 30. Bxg5 Rh7 31. Bxh4 Nf4 32. Rxf4 Qxf4 33. Bf6+ 1-0


[Site "https://www.chess.com"]